[Event "WSTCC-65 2024"]
[Site "Krakow"]
[Date "2024.07.07"]
[Round "6.20"]
[White "Murray, Jim G."]
[Black "Beier, Thomas"]
[Result "1/2-1/2"]
[ECO "A50"]
[WhiteElo "1884"]
[BlackElo "1538"]
[Annotator "NA RC"]
[PlyCount "129"]
[EventDate "2024.07.01"]
[EventType "team-tourn"]
[EventCountry "POL"]
[SourceTitle "playchess.com"]
[Source "ChessBase"]
[SourceQuality "1"]
[TimeControl "40/5400+30:1800+30"]

1. d4 Nf6 2. c4 d5 3. cxd5 Nxd5 4. e4 Nb6 5. Nc3 e6 6. Nf3 Be7 7. Be2 Nc6 8. O-O O-O 9. Be3 f5 10. exf5 exf5 11. Qb3+ Kh8 12. Rad1 f4 13. Bc1 Na5 14. Qb5 Nc6 15. Qb3 a6 16. Ne5 Nxe5 17. dxe5 Qe8 18. Bf3 Qf7 19. Qxf7 Rxf7 20. Nd5 Nxd5 21. Bxd5 Rf5 22. Rfe1 c6 23. Bb3 b5 24. Bc2 Rf8 25. Be4 Be6 26. Bxc6 Rad8 27. Rxd8 Bxd8 28. a3 Bb6 29. Bb7 Bc8 30. Bxc8 Rxc8 31. e6 g5 32. Bd2 a5 33. Bc3+ Kg8 34. Kf1 Kf8 35. Re5 Rc5 36. e7+ Ke8 37. Re6 Bc7 38. Ke2 b4 39. axb4 axb4 40. Rh6 bxc3 41. bxc3 Re5+ 42. Kf3 Rxe7 43. h4 gxh4 44. Rxh4 Rd7 45. Ke2 Kf8 46. g3 fxg3 47. fxg3 Bxg3 48. Rh3 Bd6 49. Rd3 h5 50. c4 h4 51. Kf1 Rf7+ 52. Kg2 Bg3 53. Rf3 Rxf3 54. Kxf3 Ke7 55. Kg2 Kd6 56. Kh1 Kc5 57. Kg2 Kxc4 58. Kg1 Kd3 59. Kg2 Ke3 60. Kh1 Bf2 61. Kg2 Ke2 62. Kh1 Kf3 63. Kh2 Bg3+ 64. Kh1 Kg4 65. Kg2 1/2-1/2

[Event "WSTCC-65 2024"]
[Site "Krakow"]
[Date "2024.07.07"]
[Round "6.21"]
[White "Carvalho, Herbert Abreu"]
[Black "Beilfuss, Wilfried"]
[Result "1/2-1/2"]
[ECO "A15"]
[WhiteElo "2123"]
[BlackElo "2059"]
[Annotator "RC"]
[PlyCount "37"]
[EventDate "2024.07.01"]
[EventType "team-tourn"]
[EventCountry "POL"]
[SourceTitle "playchess.com"]
[Source "ChessBase"]
[SourceQuality "1"]
[TimeControl "40/5400+30:1800+30"]

1. c4 Nf6 2. Nf3 e6 3. g3 d5 4. d4 dxc4 5. Qa4+ c6 6. Qxc4 b5 7. Qc2 Bb7 8. Bg2 Nbd7 9. O-O c5 10. a4 b4 11. a5 Rc8 12. dxc5 Bxc5 13. Qd3 O-O 14. Be3 Qe7 15. Nbd2 Bxe3 16. Qxe3 Nc5 17. Qd4 b3 18. Rfc1 Bd5 19. Qb4 1/2-1/2

[Event "WSTCC-65 2024"]
[Site "Krakow"]
[Date "2024.07.07"]
[Round "6.21"]
[White "O`Neill, Julie Anne"]
[Black "Sosnowska, Elzbieta"]
[Result "0-1"]
[ECO "D05"]
[WhiteElo "1806"]
[BlackElo "1810"]
[Annotator "NA RC"]
[PlyCount "62"]
[EventDate "2024.07.01"]
[EventType "team-tourn"]
[EventCountry "POL"]
[SourceTitle "playchess.com"]
[Source "ChessBase"]
[SourceQuality "1"]
[TimeControl "40/5400+30:1800+30"]

1. d4 d5 2. Nf3 Nf6 3. e3 e6 4. Nbd2 Nbd7 5. Bd3 c5 6. c3 Qc7 7. O-O Be7 8. Re1 O-O 9. e4 dxe4 10. Nxe4 h6 11. h3 b6 12. Nh2 Bb7 13. Ng3 Bd6 14. Nhf1 Rad8 15. Bd2 Qc6 16. f3 Qc7 17. Ne4 Be7 18. Rc1 c4 19. Bc2 Nd5 20. Ne3 f5 21. Nxd5 Bxd5 22. Nf2 Qg3 23. Nh1 Qh4 24. Be3 Bd6 25. Bf2 Qg5 26. Qe2 Nf6 27. h4 Qg6 28. b3 b5 29. b4 Nh5 30. a4 Nf4 31. Qf1 Nh3# 0-1

[Event "WSTCC-65 2024"]
[Site "Krakow"]
[Date "2024.07.07"]
[Round "6.22"]
[White "Becker, Norbert"]
[Black "Barreto, Ignacio C. de Barros"]
[Result "1/2-1/2"]
[ECO "C47"]
[WhiteElo "2047"]
[BlackElo "2059"]
[Annotator "NA RC"]
[PlyCount "24"]
[EventDate "2024.07.01"]
[EventType "team-tourn"]
[EventCountry "POL"]
[SourceTitle "playchess.com"]
[Source "ChessBase"]
[SourceQuality "1"]
[TimeControl "40/5400+30:1800+30"]

1. e4 e5 2. Nc3 Nc6 3. Nf3 Nf6 4. d4 exd4 5. Nxd4 Nxe4 6. Nxe4 Qe7 7. f3 d5 8. Nxc6 bxc6 9. Qe2 dxe4 10. Qxe4 Qxe4+ 11. fxe4 Bd6 12. Be3 O-O 1/2-1/2

[Event "WSTCC-65 2024"]
[Site "Krakow"]
[Date "2024.07.07"]
[Round "6.23"]
[White "Moyses Sobrinho, Elias"]
[Black "Mueller, Gerhard"]
[Result "1/2-1/2"]
[ECO "D10"]
[WhiteElo "1908"]
[BlackElo "2070"]
[Annotator "NA RC"]
[PlyCount "47"]
[EventDate "2024.07.01"]
[EventType "team-tourn"]
[EventCountry "POL"]
[SourceTitle "playchess.com"]
[Source "ChessBase"]
[SourceQuality "1"]
[TimeControl "40/5400+30:1800+30"]

1. d4 d5 2. c4 c6 3. cxd5 cxd5 4. Nc3 Nc6 5. Bf4 a6 6. e3 Nf6 7. h3 e6 8. a3 Bd6 9. Bxd6 Qxd6 10. Nf3 O-O 11. Be2 b5 12. O-O Bb7 13. b4 Rac8 14. Rc1 Rfd8 15. Qd3 e5 16. dxe5 Nxe5 17. Nxe5 Qxe5 18. Rfd1 Rd7 19. Bf3 Rdc7 20. Ne2 Qb2 21. Rxc7 Rxc7 22. Rd2 Qa1+ 23. Rd1 Qb2 24. Rd2 1/2-1/2

[Event "WSTCC-65 2024"]
[Site "Krakow"]
[Date "2024.07.07"]
[Round "6.23"]
[White "Shaughnessy, Elizabeth"]
[Black "Gasik, Jadwiga"]
[Result "0-1"]
[ECO "A40"]
[WhiteElo "1642"]
[BlackElo "1780"]
[Annotator "NA RC"]
[PlyCount "44"]
[EventDate "2024.07.01"]
[EventType "team-tourn"]
[EventCountry "POL"]
[SourceTitle "playchess.com"]
[Source "ChessBase"]
[SourceQuality "1"]
[TimeControl "40/5400+30:1800+30"]

1. d4 c6 2. Bf4 d6 3. e3 g6 4. c3 Bg7 5. Be2 Nf6 6. h3 Qb6 7. b3 Bf5 8. Nd2 Nd5 9. Nc4 Qc7 10. Qd2 Nxf4 11. exf4 Nd7 12. Nf3 Nf6 13. O-O O-O 14. Ne3 Bd7 15. Bd3 e6 16. Rac1 Nh5 17. Nd1 Bh6 18. g3 e5 19. dxe5 dxe5 20. Re1 Rae8 21. Kh2 Nxf4 22. gxf4 Bxf4+ 0-1

[Event "WSTCC-65 2024"]
[Site "Krakow"]
[Date "2024.07.07"]
[Round "6.24"]
[White "Lange, Torsten"]
[Black "Vieira, Alexandre Letizio"]
[Result "1/2-1/2"]
[ECO "A34"]
[WhiteElo "2027"]
[BlackElo "1825"]
[Annotator "RC"]
[PlyCount "101"]
[EventDate "2024.07.01"]
[EventType "team-tourn"]
[EventCountry "POL"]
[SourceTitle "playchess.com"]
[Source "ChessBase"]
[SourceQuality "1"]
[TimeControl "40/5400+30:1800+30"]

1. c4 c5 2. Nc3 Nf6 3. Nf3 g6 4. d4 cxd4 5. Nxd4 Nc6 6. g3 Bg7 7. Bg2 O-O 8. O-O Nxd4 9. Qxd4 a6 10. Qd3 d6 11. Re1 Qc7 12. b3 Bd7 13. Bb2 Bc6 14. e4 Rab8 15. a4 Rfe8 16. Rac1 Ng4 17. h3 Ne5 18. Qe3 Qa5 19. Re2 b5 20. cxb5 axb5 21. f4 Nd7 22. axb5 Bxb5 23. Nxb5 Qxb5 24. Bxg7 Kxg7 25. Rb2 Rec8 26. Rxc8 Rxc8 27. b4 h5 28. Bf1 Qb6 29. Qxb6 Nxb6 30. Kf2 d5 31. exd5 Nxd5 32. b5 Rb8 33. Kf3 f5 34. Rb3 Kf6 35. Ra3 e5 36. Ra6+ Nb6 37. fxe5+ Kxe5 38. h4 Rb7 39. Be2 Rb8 40. Ra7 Kf6 41. Ke3 Ke5 42. Kf3 Rc8 43. Bd3 Rc3 44. Ke3 Nd5+ 45. Kd2 Kd4 46. Ra4+ Kc5 47. Ra6 Kd4 48. Ke2 Rb3 49. Ra4+ Ke5 50. Ra6 Kd4 51. Ra4+ 1/2-1/2